 Dungeon Crawl Stone Soup version 0.28-a0-305-g9e858e973b (webtiles) character file.

Game seed: 2204249705269171949

248 rabbitsville the Changer (level 6, -9/38 HPs)
             Began as an Octopode Transmuter on Aug 28, 2021.
             Was a Follower of Ashenzari.
             Shot with an arrow by a centaur (11 damage)
             ... on level 5 of the Dungeon on Aug 30, 2021.
             The game lasted 00:29:40 (4680 turns).

rabbitsville the Changer (Octopode Transmuter)      Turns: 4680, Time: 00:29:41

Health: -9/38      AC:  1    Str: 10    XL:     6   Next: 12%
Magic:  19/19      EV: 13    Int: 17    God:    Ashenzari [*.....]
Gold:   135        SH:  0    Dex: 12    Spells: 8/11 levels left

rFire   . . .      SeeInvis .     - Unarmed
rCold   . . .      Faith    .   (no shield)
rNeg    . . .      Spirit   .   (helmet currently unavailable)
rPois   .          Reflect  .   a - amulet "Ruined Polytheism" {RegenMP, Cun, Alch} (curse)
rElec   .          Harm     .   e - ring of the Lashed Awkwardness {MP+9, Fort, Alch} (curse)
rCorr   .          Rampage  .   (no ring)
Will    .....                   (no ring)
Stlth   ++........              (no ring)
HPRegen 0.12/turn               (no ring)
MPRegen 0.41/turn               (no ring)
                                (no ring)
                                (no ring)

@: about to teleport, appendages, wereblooded
A: tentacle spike 3, almost no armour, amphibious, 8 rings, camouflage 1,
gelatinous body 1, (nimble swimmer 1), tentacles
a: End Transformation, Renounce Religion, Shatter the Chains


You were on level 5 of the Dungeon.
You worshipped Ashenzari.
Ashenzari was aware of your devotion.
One of your tentacles had grown a beastly spike.
You visited 1 branch of the dungeon, and saw 5 of its levels.

You collected 135 gold pieces.

Inventory:

Hand Weapons
 c - a +0 dagger
Magical Staves
 j - a staff of conjuration
Jewellery
 a - the cursed amulet "Ruined Polytheism" (around mantle) {RegenMP, Cun, Alch}
   (You found it on level 1 of the Dungeon)

   [amulet of magic regeneration]

   It increases your rate of magic regeneration.
   It has a curse which improves the following skills: Cunning: Dodging and
   Stealth.
   Alchemy:   Poison Magic and Transmutations.
 e - the cursed ring of the Lashed Awkwardness (left tentacle) {MP+9, Fort, Alch}
   (You found it on level 3 of the Dungeon)

   [ring of magical power]

   MP:        It affects your magic capacity (+9).
   It has a curse which improves the following skills: Fortitude: Shields.
   Alchemy:   Poison Magic and Transmutations.
Scrolls
 f - a scroll of enchant armour
 h - a scroll of summoning


   Skills:
 - Level 1.0 Fighting
 - Level 2.0(2.8) Dodging
 + Level 4.1 Unarmed Combat
 + Level 3.2 Spellcasting
 * Level 4.5(6.1) Transmutations


You had 8 spell levels left.
You knew the following spells:

 Your Spells              Type           Power      Damage    Failure   Level
a - Beastly Appendage     Tmut           46%        N/A       1%          1
b - Wereblood             Tmut           23%        N/A       1%          2

Your spell library contained the following spells:

 Spells                   Type           Power      Damage    Failure   Level
 Spider Form              Tmut/Pois      6%         N/A       14%         3
 Summon Small Mammal      Summ           8%         N/A       17%         1
 Static Discharge         Conj/Air       2%         N/A       26%         2
 Ice Form                 Ice/Tmut       13%        N/A       43%         4
 Call Canine Familiar     Summ           2%         N/A       45%         3
 Summon Guardian Golem    Hex/Summ       2%         N/A       45%         3
 Dispel Undead            Necr           2%         3d7       86%         4
 Sticky Flame             Conj/Fire      2%         2d3       86%         4
 Lightning Bolt           Conj/Air       1%         1d12      99%         5
 Maxwell's Capacitive Co  Air            1%         ∞         100%        8


Dungeon Overview and Level Annotations

Branches:
Dungeon (5/15)
 Temple: D:4-7

Altars:
Ashenzari
Wu Jian

Shops:
D:2 [   D:5 [

Annotations:
D:4 3 runed translucent doors, Sigmund


Innate Abilities, Weirdness & Mutations

One of your tentacles has grown a beastly spike.
You cannot wear most types of armour.
You are amphibious.
You can wear up to eight rings at the same time.
Your skin changes colour to match your surroundings (Stealth+).
Your rubbery body absorbs attacks. (AC +1, EV +1)
((You are camouflaged near water. (Stealth+)))
You have tentacles for arms and can constrict up to eight enemies at once.


Message History

You closely miss the ogre.
You pierce the ogre, but do no damage.
The ogre is heavily wounded.
The ogre hits you with a +0 giant spiked club!
* * * LOW HITPOINT WARNING * * *
You feel better.
Okay, then.
You barely miss the ogre. You squeeze the ogre.
The ogre is severely wounded.
The ogre barely misses you.
You tentacle-slap the ogre. You squeeze the ogre.
You feel a bit better.
You kill the ogre!
The centaur wields a +0 shortbow.
The centaur shoots an arrow.
The arrow hits you.
Your Unarmed Combat skill increases to level 4!
You have reached level 6!
Your experience leads to an increase in your attributes!
Increase (S)trength, (I)ntelligence, or (D)exterity?
You feel clever.
The centaur unwields a +0 shortbow.
The centaur barely misses you. The centaur kicks you.
Things that are here:
a +0 giant spiked club; an ogre corpse You barely miss the centaur.
Your tentacle spike misses the centaur.
You howl as the wereblood boils in your veins!
The centaur hits you.
* * * LOW HITPOINT WARNING * * *
The centaur kicks you.
* * * LOW HITPOINT WARNING * * *
The centaur hits you.
* * * LOW HITPOINT WARNING * * *
The centaur kicks you.
* * * LOW HITPOINT WARNING * * *
Blink to where?
Press: ? - help, Dir - move target
As you read the scroll of blinking, it crumbles to dust.
As you read the scroll of teleportation, it crumbles to dust.
You feel strangely unstable.
Found Veny's Antique Armour Shop.
The centaur wields a +0 shortbow.
The centaur shoots an arrow.
The arrow hits you!
You die...

#..#.. #....(..
..(.. # #.######
#(#.# #.##[######
#.#.# #...?.....# #
#c#.# ####.####..
∩....##.#.#######.#
..................#
.....####c#######.#
.......@..#
#.......
####.######
########


You could see a centaur.

Vanquished Creatures
  An ogre (D:5)
  An orc priest (D:3)
  5 adders
  3 worms
  2 dart slugs (D:1)
  4 orcs (D:3)
  7 endoplasms
  4 giant cockroaches
  6 goblins
  11 hobgoblins
  3 kobolds
  6 ball pythons
  7 bats
  8 frilled lizards
  5 rats
73 creatures vanquished.

Notes
Turn   | Place    | Note
-------+----------+-------------------------------------------
     0 | D:1      | rabbitsville the Octopode Transmuter began the quest for
                  | the Orb.
     0 | D:1      | Reached XP level 1. HP: 13/13 MP: 3/3
     0 | D:1      | Upgraded the game from 0.28-a0-268-g3f656e82c2 to
                  | 0.28-a0-305-g9e858e973b
   671 | D:1      | Reached XP level 2. HP: 18/18 MP: 5/5
  1110 | D:1      | Reached XP level 3. HP: 20/23 MP: 6/6
  1527 | D:2      | Found Fyfrucrize's Armour Emporium.
  1706 | D:3      | Reached XP level 4. HP: 21/28 MP: 7/7
  1934 | D:3      | Found a broken altar of Ashenzari.
  1944 | D:3      | Became a worshipper of Ashenzari the Shackled
  2665 | D:3      | Found an ornate altar of the Wu Jian Council.
  3366 | D:2      | Reached XP level 5. HP: 8/33 MP: 9/9
  3936 | D:2      | Found a faded altar of an unknown god.
  3964 | D:2      | Found an ornate altar of the Wu Jian Council.
  4135 | D:4      | Noticed a phantom
  4179 | D:3      | Learned a level 2 spell: Wereblood
  4284 | D:4      | Noticed Sigmund
  4407 | D:4      | Found a runed translucent gate.
  4408 | D:4      | Found a runed translucent gate.
  4409 | D:4      | Found a runed translucent gate.
  4435 | D:5      | Entered Level 5 of the Dungeon
  4588 | D:5      | Reached * piety under Ashenzari
  4654 | D:5      | Noticed an ogre
  4665 | D:5      | Noticed a centaur
  4674 | D:5      | Killed an ogre
  4675 | D:5      | Reached XP level 6. HP: 18/38 MP: 10/10
  4680 | D:5      | Found Veny's Antique Armour Shop.
  4680 | D:5      | Shot with an arrow by a centaur

Illustrated notes

Levels and vault maps discovered:
D:1:      minmay_arrival_split_and_join, layout_basic
D:2:      layout_rooms, hellmonk_ecumenical_altar_arch_garden, serial_shops,
          shop, basic_altar
D:3:      layout_loops_corners, mainiacjoe_overflow_concentric_impassable,
          ashenzari_altar_1
D:4:      layout_basic, lemuel_blue_sif_altar, temple_hall, gammafunk_ghost_icy,
          uniq_sigmund
D:5:      layout_loops_ring, serial_shops, nicolae_shop_stone, shop

Skill      XL: |  1  2  3  4  5 |
---------------+----------------+-----
Transmutations | 3 4 |  4.5
Spellcasting   | 3 |  3.2
Unarmed Combat | 4 |  4.1
Fighting       | |  1.0
Dodging        | |  2.0

Action                   |  1- 3 |  4- 6 || total
-------------------------+-------+-------++-------
Melee: Unarmed           |    56 |   113 ||   169
       Constrict         |    17 |    25 ||    42
       Tentacles         |    13 |    12 ||    25
       Kick              |    12 |    24 ||    36
       Punch             |       |     3 ||     3
Throw: Dart              |       |     8 ||     8
 Cast: Beastly Appendage |    16 |    23 ||    39
       Wereblood         |       |     1 ||     1
Invok: Curse Item        |       |     2 ||     2
  Use: Potion            |       |     2 ||     2
       Scroll            |       |     2 ||     2
 Stab: Sleeping          |     1 |     1 ||     2
Armor: Skin              |     9 |    10 ||    19
Dodge: Dodged            |    45 |    56 ||   101

Table legend: (Time is in decaauts)
 A = Elapsed time spent in this place.
 B = Non-inter-level travel time spent in this place.
 C = Inter-level travel time spent in this place.
 D = Time resting spent in this place.
 E = Time spent auto-exploring this place.
 F = Levels seen in this place.
 G = Mean time per level.
                   A        B        C        D        E       F      G
               +--------+--------+--------+--------+--------+-----+--------+
         Total |   4673 |   4429 |    244 |   1402 |   1130 |   5 |  934.6 |
       Dungeon |   4673 |   4429 |    244 |   1402 |   1130 |   5 |  934.6 |
               +--------+--------+--------+--------+--------+-----+--------+

Top non-repeatable levels by time:
     D:3: 1768 daAuts
     D:1: 1639 daAuts
     D:2: 851 daAuts
     D:5: 244 daAuts
     D:4: 170 daAuts
